MLB
SAN FRANCISCO GIANTS @ NEW YORK METS
06/30/2020
 
TOP OF THE 1ST
San Francisco Giants batting - Pitching for New York Mets : RHP Dakota Hudson
Pitching: RHP Dakota Hudson
Batting: LHB Cavan Biggio 0-0: Foul Ball, location: 2F
0-1: Ball
1-1: Swinging Strike
1-2: Ball
2-2: Ball
3-2: Foul Ball, location: 2F
3-2: Base on Balls
Batting: RHB Yairo Munoz 0-0: SINGLE (Line Drive, 9S, EV 104.4 MPH)
Cavan Biggio to second
Batting: LHB Rougned Odor 0-0: Called Strike
0-1: Fly out, F8 (Flyball, 8RM, EV 90.0 MPH)
Batting: RHB Austin Slater 0-0: Ball
Cavan Biggio steals 3rd base
1-0: Called Strike
1-1: DOUBLE (Line Drive, 78M, EV 96.3 MPH)
Cavan Biggio scores
Yairo Munoz to third
Runner from 3rd tries for Home, throw by LF and OUT! 7-6-2
Batting: LHB Billy McKinney 0-0: Fly out, F8 (Flyball, 8RD, EV 100.6 MPH)
Top of the 1st over - 1 run, 2 hits, 0 errors, 1 left on base; San Francisco 1 - New York 0
BOTTOM OF THE 1ST
New York Mets batting - Pitching for San Francisco Giants : RHP Hunter Harvey
Pitching: RHP Hunter Harvey
Batting: RHB Oscar Mercado 0-0: Called Strike
0-1: Fly out, F8 (Flyball, 8RXD, EV 100.6 MPH)
Batting: RHB Starlin Castro 0-0: Ground out 6-3 (Groundball, 6, EV 103.8 MPH)
Batting: LHB Eddie Rosario 0-0: Ball
1-0: Ground out 4-3 (Groundball, 34, EV 83.8 MPH)
Bottom of the 1st over - 0 runs, 0 hits, 0 errors, 0 left on base; San Francisco 1 - New York 0
TOP OF THE 2ND
San Francisco Giants batting - Pitching for New York Mets : RHP Dakota Hudson
Batting: RHB Welington Castillo 0-0: Ball
1-0: Ball
2-0: Called Strike
2-1: Swinging Strike
2-2: Strikes out swinging
Batting: LHB Ryan Schimpf 0-0: Called Strike
0-1: Ball
1-1: Called Strike
1-2: Strikes out swinging, 2-3 out at first.
Batting: LHB Travis Jankowski 0-0: SINGLE (Line Drive, 7S, EV 105.0 MPH)
Batting: RHB Hunter Harvey 0-0: Ball
1-0: Swinging Strike
1-1: Ball
2-1: Called Strike
2-2: Ball
3-2: Fly out, F6 (Flyball, 6MD, EV 86.3 MPH)
Top of the 2nd over - 0 runs, 1 hit, 0 errors, 1 left on base; San Francisco 1 - New York 0
BOTTOM OF THE 2ND
New York Mets batting - Pitching for San Francisco Giants : RHP Hunter Harvey
Batting: LHB Mike Moustakas 0-0: Called Strike
0-1: Ball
1-1: Called Strike
1-2: Ball
2-2: Ground out 4-3 (Groundball, 4, EV 82.5 MPH)
Batting: RHB Christian Vazquez 0-0: Ball
1-0: Called Strike
1-1: Ball
2-1: Ball
3-1: Foul Ball, location: 2F
3-2: Foul Ball, location: 2F
3-2: Base on Balls
Batting: RHB Rhys Hoskins 0-0: Ball
1-0: Ball
2-0: Fielders Choice at 2nd, 5-4 (Groundball, 56, EV 83.8 MPH)
Batting: SHB Bryan Reynolds 0-0: Called Strike
0-1: SINGLE (Line Drive, 4MD, EV 93.8 MPH)
Rhys Hoskins to second
Runner from 2nd tries for 3rd, SAFE, throw by CF made to third
Batting: RHB Nick Ahmed 0-0: Foul Ball, location: 2F
0-1: Fielders Choice at 2nd, 6-4 (Groundball, 6, EV 102.5 MPH)
Bottom of the 2nd over - 0 runs, 1 hit, 0 errors, 2 left on base; San Francisco 1 - New York 0
TOP OF THE 3RD
San Francisco Giants batting - Pitching for New York Mets : RHP Dakota Hudson
Batting: LHB Cavan Biggio 0-0: Foul Ball, location: 2F
0-1: Ball
1-1: Ball
2-1: Foul Ball, location: 2F
2-2: Ball
3-2: Ground out 5-3 (Groundball, 56S, EV 68.8 MPH)
Batting: RHB Yairo Munoz 0-0: Ball
1-0: SINGLE (Line Drive, 78M, EV 101.9 MPH)
Batting: LHB Rougned Odor 0-0: Ball
1-0: Ball
Yairo Munoz steals 2nd base
2-0: Called Strike
2-1: Swinging Strike
2-2: Foul Ball, location: 2F
2-2: Fly out, F9 (Flyball, 9LS, EV 97.5 MPH)
Batting: RHB Austin Slater 0-0: Foul Ball, location: 2F
0-1: Ball
1-1: Ball
2-1: Ball
3-1: Base on Balls
Batting: LHB Billy McKinney 0-0: Ball
1-0: SINGLE (Flyball, 7S, EV 97.5 MPH)
Yairo Munoz to third
Austin Slater to second
Runner from 3rd tries for Home, SAFE, throw by LF to home
Batting: RHB Welington Castillo 0-0: Ball
1-0: Ball
2-0: Foul Ball, location: 2F
2-1: Ground out 6-3 (Groundball, 6S, EV 74.4 MPH)
Top of the 3rd over - 1 run, 2 hits, 0 errors, 2 left on base; San Francisco 2 - New York 0
BOTTOM OF THE 3RD
New York Mets batting - Pitching for San Francisco Giants : RHP Hunter Harvey
Batting: RHB Dakota Hudson 0-0: SINGLE (Groundball, 56D, EV 93.8 MPH)
Batting: RHB Oscar Mercado 0-0: Called Strike
0-1: Ball
1-1: Foul Ball, location: 2F
1-2: Foul Ball, location: 2F
1-2: Fly out, F7 (Flyball, 7S, EV 87.5 MPH)
Batting: RHB Starlin Castro 0-0: Ball
1-0: Called Strike
1-1: Foul Ball, location: 2F
1-2: Foul Ball, location: 2F
1-2: Foul Ball, location: 2F
1-2: Foul Ball, location: 2F
1-2: Foul Ball, location: 2F
1-2: 2-RUN HOME RUN (Flyball, 7D, EV 92.5 MPH), Distance : 377 ft
Batting: LHB Eddie Rosario 0-0: Swinging Strike
0-1: Called Strike
0-2: Ball
1-2: Ball
2-2: Foul Ball, location: 2F
2-2: Foul Ball, location: 2F
2-2: Strikes out looking
Batting: LHB Mike Moustakas 0-0: Called Strike
0-1: Fly out, F4 (Popup, 3DF, EV 68.8 MPH)
Bottom of the 3rd over - 2 runs, 2 hits, 0 errors, 0 left on base; San Francisco 2 - New York 2
TOP OF THE 4TH
San Francisco Giants batting - Pitching for New York Mets : RHP Dakota Hudson
Batting: LHB Ryan Schimpf 0-0: Called Strike
0-1: Foul Ball, location: 2F
0-2: Ball
1-2: Ball
2-2: Strikes out swinging
Batting: LHB Travis Jankowski 0-0: Ball
1-0: Ball
2-0: Called Strike
2-1: Foul Ball, location: 2F
2-2: Ball
3-2: Fly out, F7 (Line Drive, 7, EV 91.9 MPH)
Batting: RHB Hunter Harvey 0-0: Called Strike
0-1: Ball
1-1: Ground out 6-3 (Groundball, 56, EV 103.1 MPH)
Top of the 4th over - 0 runs, 0 hits, 0 errors, 0 left on base; San Francisco 2 - New York 2
BOTTOM OF THE 4TH
New York Mets batting - Pitching for San Francisco Giants : RHP Hunter Harvey
Batting: RHB Christian Vazquez 0-0: Ground out 6-3 (Groundball, 56, EV 99.4 MPH)
Batting: RHB Rhys Hoskins 0-0: Foul Ball, location: 2F
0-1: Ball
1-1: Ball
2-1: Ball
3-1: Foul Ball, location: 2F
3-2: Base on Balls
Batting: SHB Bryan Reynolds 0-0: Ball
1-0: Foul Ball, location: 2F
1-1: Called Strike
1-2: Ball
2-2: Foul Ball, location: 2F
2-2: Ball
3-2: Base on Balls
Rhys Hoskins to second
Batting: RHB Nick Ahmed 0-0: Grounds into double play, 6-4-3 (Groundball, 6, EV 88.8 MPH)
Bottom of the 4th over - 0 runs, 0 hits, 0 errors, 1 left on base; San Francisco 2 - New York 2
TOP OF THE 5TH
San Francisco Giants batting - Pitching for New York Mets : RHP Dakota Hudson
Batting: LHB Cavan Biggio 0-0: Ball
1-0: Foul Ball, location: 2F
1-1: Ground out 6-3 (Groundball, 6, EV 101.9 MPH)
Batting: RHB Yairo Munoz 0-0: Called Strike
0-1: Foul Ball, location: 2F
0-2: Ground out 5-3 (Groundball, 56S, EV 82.5 MPH)
Batting: LHB Rougned Odor 0-0: Ball
1-0: Ball
2-0: Ball
3-0: Base on Balls
Batting: RHB Austin Slater 0-0: Ball
1-0: Called Strike
1-1: Ball
2-1: Ball
3-1: DOUBLE (Line Drive, 89D, EV 106.3 MPH)
Rougned Odor to third
Runner from 3rd tries for Home, SAFE, throw by CF to trailing runner, OUT at third! 8-3-5
Top of the 5th over - 1 run, 1 hit, 0 errors, 0 left on base; San Francisco 3 - New York 2
BOTTOM OF THE 5TH
New York Mets batting - Pitching for San Francisco Giants : RHP Hunter Harvey
Pinch Hitting: SHB Jonathan Villar 0-0: Ball
1-0: Foul Ball, location: 2F
1-1: Ball
2-1: Ball
3-1: Foul Ball, location: 2F
3-2: Base on Balls
Batting: RHB Oscar Mercado 0-0: Ball
Jonathan Villar is caught stealing 2nd base 2-4
1-0: Bunt for hit to P - play at first, batter OUT! 1-3
Batting: RHB Starlin Castro 0-0: Ball
1-0: Called Strike
1-1: Foul Ball, location: 2F
1-2: Foul Ball, location: 2F
1-2: Foul Ball, location: 2F
1-2: Strikes out swinging
Bottom of the 5th over - 0 runs, 0 hits, 0 errors, 0 left on base; San Francisco 3 - New York 2
TOP OF THE 6TH
San Francisco Giants batting - Pitching for New York Mets : RHP Dakota Hudson
Pitching: RHP Peter Fairbanks
Batting: LHB Billy McKinney 0-0: Called Strike
0-1: Called Strike
0-2: Ball
1-2: Ball
2-2: Ball
3-2: Base on Balls
Batting: RHB Welington Castillo 0-0: Called Strike
0-1: Ball
1-1: Called Strike
1-2: Strikes out looking
Batting: LHB Ryan Schimpf 0-0: Ball
1-0: Ball
2-0: Fielders Choice at 2nd, 4-6 (Groundball, 34, EV 103.8 MPH)
Batting: LHB Travis Jankowski 0-0: Ball
1-0: Ball
2-0: Foul Ball, location: 2F
2-1: Called Strike
2-2: Strikes out looking
Top of the 6th over - 0 runs, 0 hits, 0 errors, 1 left on base; San Francisco 3 - New York 2
BOTTOM OF THE 6TH
New York Mets batting - Pitching for San Francisco Giants : RHP Hunter Harvey
Pitching: RHP Frank Rubio
Now in RF: Melky Cabrera
Batting: LHB Eddie Rosario 0-0: Ball
1-0: Foul Ball, location: 2F
1-1: Ground out U3 (Groundball, 34, EV 84.4 MPH)
Batting: LHB Mike Moustakas 0-0: Ball
1-0: Swinging Strike
1-1: Ball
2-1: Ball
3-1: Foul Ball, location: 2F
3-2: Ground out 6-3 (Groundball, 4M, EV 108.1 MPH)
Batting: RHB Christian Vazquez 0-0: Ball
1-0: Ball
2-0: Ball
3-0: Called Strike
3-1: Base on Balls
Batting: RHB Rhys Hoskins 0-0: Called Strike
0-1: Ball
1-1: Foul Ball, location: 2F
1-2: Ball
2-2: Fly out, F8 (Flyball, 8RD, EV 105.0 MPH)
Bottom of the 6th over - 0 runs, 0 hits, 0 errors, 1 left on base; San Francisco 3 - New York 2
TOP OF THE 7TH
San Francisco Giants batting - Pitching for New York Mets : RHP Peter Fairbanks
Pitching: RHP Adam Cimber
Batting: SHB Melky Cabrera 0-0: Ground out 6-3 (Groundball, 4MS, EV 76.9 MPH)
Batting: LHB Cavan Biggio 0-0: Foul Ball, location: 2F
0-1: Foul Ball, location: 2F
0-2: Ball
1-2: Foul Ball, location: 2F
1-2: Foul Ball, location: 2F
1-2: Ball
2-2: Foul Ball, location: 2F
2-2: Ball
3-2: Ground out 6-3 (Groundball, 6M, EV 103.1 MPH)
Batting: RHB Yairo Munoz 0-0: Ball
1-0: Ball
2-0: Ball
3-0: Called Strike
3-1: Foul Ball, location: 2F
3-2: Base on Balls
Batting: LHB Rougned Odor 0-0: Fly out, F9 (Flyball, 9D, EV 86.9 MPH)
Top of the 7th over - 0 runs, 0 hits, 0 errors, 1 left on base; San Francisco 3 - New York 2
BOTTOM OF THE 7TH
New York Mets batting - Pitching for San Francisco Giants : RHP Frank Rubio
Pitching: RHP Tommy Hunter
Batting: SHB Bryan Reynolds 0-0: Called Strike
0-1: Foul Ball, location: 2F
0-2: Ball
1-2: Strikes out looking
Batting: RHB Nick Ahmed 0-0: Called Strike
0-1: Ball
1-1: Foul Ball, location: 2F
1-2: Ball
2-2: DOUBLE (Flyball, 89XD, EV 97.5 MPH)
Pinch Hitting: LHB Travis Shaw 0-0: Called Strike
0-1: Swinging Strike
0-2: Ball
1-2: Strikes out swinging
Batting: RHB Oscar Mercado 0-0: SINGLE (Groundball, 4M, EV 100.6 MPH) (infield hit)
Nick Ahmed to third
Batting: RHB Starlin Castro 0-0: Swinging Strike
0-1: Ball
1-1: Swinging Strike
1-2: Ground out 4-3 (Groundball, 4MS, EV 90.6 MPH)
Bottom of the 7th over - 0 runs, 2 hits, 0 errors, 2 left on base; San Francisco 3 - New York 2
TOP OF THE 8TH
San Francisco Giants batting - Pitching for New York Mets : RHP Adam Cimber
Pitching: RHP Giovanny Gallegos
Batting: RHB Austin Slater 0-0: SINGLE (Line Drive, 78S, EV 92.5 MPH)
Pinch Hitting: RHB David Bote 0-0: Ball
1-0: Foul Ball, location: 2F
1-1: Ball
2-1: Ball
3-1: Foul Ball, location: 2F
3-2: Fly out, F7 (Flyball, 78M, EV 84.4 MPH)
Batting: RHB Welington Castillo 0-0: Ball
1-0: Ball
2-0: Ball
3-0: Base on Balls
Austin Slater to second
Batting: LHB Ryan Schimpf 0-0: Foul Ball, location: 2F
0-1: Ball
1-1: Ball
2-1: Ball
3-1: Base on Balls
Austin Slater to third
Welington Castillo to second
Batting: LHB Travis Jankowski 0-0: Called Strike
0-1: Grounds into fielders choice 6-2 (Groundball, 6MS, EV 68.1 MPH)
Welington Castillo to third
Ryan Schimpf to second
Batting: SHB Melky Cabrera 0-0: Ball
1-0: Ball
2-0: Foul Ball, location: 2F
2-1: Foul Ball, location: 2F
2-2: Strikes out swinging
Top of the 8th over - 0 runs, 1 hit, 0 errors, 3 left on base; San Francisco 3 - New York 2
BOTTOM OF THE 8TH
New York Mets batting - Pitching for San Francisco Giants : RHP Tommy Hunter
Pitching: RHP Josh Martin
Batting: LHB Eddie Rosario 0-0: Ball
1-0: Ball
2-0: Called Strike
2-1: Ball
3-1: Base on Balls
Batting: LHB Mike Moustakas 0-0: Ball
1-0: Called Strike
1-1: Swinging Strike
1-2: Ball
2-2: Ball
3-2: SINGLE (Groundball, P, EV 85.0 MPH) (infield hit)
Eddie Rosario to second
Batting: RHB Christian Vazquez 0-0: Ball
1-0: Foul Ball, location: 2F
1-1: Foul Ball, location: 2F
1-2: Foul Ball, location: 2F
1-2: Strikes out swinging
Batting: RHB Rhys Hoskins 0-0: Ball
1-0: Ball
2-0: Called Strike
2-1: Foul Ball, location: 2F
2-2: Strikes out swinging
Batting: SHB Bryan Reynolds 0-0: Foul Ball, location: 2F
0-1: Foul Ball, location: 2F
0-2: Ball
1-2: Strikes out swinging
Bottom of the 8th over - 0 runs, 1 hit, 0 errors, 2 left on base; San Francisco 3 - New York 2
TOP OF THE 9TH
San Francisco Giants batting - Pitching for New York Mets : RHP Giovanny Gallegos
Pitching: LHP Amir Garrett
Batting: LHB Cavan Biggio 0-0: Ground out 6-3 (Groundball, 6, EV 86.3 MPH)
Batting: RHB Yairo Munoz 0-0: Ball
1-0: Foul Ball, location: 2F
1-1: Foul Ball, location: 2F
1-2: Foul Ball, location: 2F
1-2: Foul Ball, location: 2F
1-2: Ball
2-2: SINGLE (Flyball, 8LS, EV 88.8 MPH)
Batting: LHB Rougned Odor 0-0: Called Strike
Yairo Munoz steals 2nd base
0-1: Ball
1-1: Called Strike
1-2: Ball
2-2: Strikes out swinging
Batting: RHB Austin Slater 0-0: Foul Ball, location: 2F
0-1: Swinging Strike
0-2: Ball
1-2: Strikes out swinging
Top of the 9th over - 0 runs, 1 hit, 0 errors, 1 left on base; San Francisco 3 - New York 2
BOTTOM OF THE 9TH
New York Mets batting - Pitching for San Francisco Giants : RHP Josh Martin
Pitching: RHP Kazuhisa Makita
Batting: RHB Nick Ahmed 0-0: Called Strike
0-1: Foul Ball, location: 2F
0-2: Ball
1-2: Ball
2-2: Fly out, F8 (Flyball, 89D, EV 95.6 MPH)
Pinch Hitting: SHB Ehire Adrianza 0-0: Swinging Strike
0-1: SINGLE (Line Drive, 8RS, EV 91.9 MPH)
Batting: RHB Oscar Mercado 0-0: Called Strike
0-1: Ball
Wild Pitch!
Ehire Adrianza to second
1-1: Called Strike
1-2: Strikes out swinging
Batting: RHB Starlin Castro 0-0: Ball
1-0: Ball
2-0: Called Strike
2-1: Ball
3-1: Foul Ball, location: 2F
3-2: Foul Ball, location: 2F
3-2: Fly out, F7 (Flyball, 78M, EV 85.6 MPH)
Bottom of the 9th over - 0 runs, 1 hit, 0 errors, 1 left on base; San Francisco 3 - New York 2
Monday, August 31st, 2020 - OOTP Baseball 21.5 Build 76